 Dungeon Crawl Stone Soup version 0.28-a0-1638-g9123634e07 (webtiles) character file.

Game seed: 7572959217625155984

44 hashsling the Changer (level 3, -1/27 HPs)
             Began as a Merfolk Transmuter on Jan 25, 2022.
             Slain by an orc priest (4 damage)
             ... on level 2 of the Dungeon.
             The game lasted 00:03:49 (1350 turns).

hashsling the Changer (Merfolk Transmuter)          Turns: 1350, Time: 00:03:50

Health: -1/27      AC:  3    Str: 10    XL:     3   Next: 62%
Magic:  4/6        EV: 13    Int: 12    God:
Gold:   40         SH:  0    Dex: 16    Spells: 0/6 levels left

rFire   . . .      SeeInvis .     - Unarmed
rCold   . . .      Faith    .   (no shield)
rNeg    . . .      Spirit   .   a - +0 robe
rPois   .          Reflect  .   (no helmet)
rElec   .          Harm     .   (no cloak)
rCorr   .          Rampage  .   b - +0 pair of gloves
Will    .....                   (no boots)
Stlth   +.........              (no amulet)
HPRegen 0.09/turn               (no ring)
MPRegen 0.10/turn               (no ring)

@: wereblooded
A: (nimble swimmer 2), mertail
a: no special abilities


You were on level 2 of the Dungeon.
You visited 1 branch of the dungeon, and saw 2 of its levels.

You collected 40 gold pieces.

Inventory:

Armour
 a - a +0 robe (worn)
 b - a +0 pair of gloves (worn)
Scrolls
 c - 2 scrolls of identify {unknown}
Potions
 d - a potion of lignification {unknown}
 e - a potion of brilliance {unknown}


   Skills:
 + Level 1.7 Fighting
 * Level 3.4 Dodging
 + Level 3.5 Unarmed Combat
 + Level 2.1 Spellcasting
 * Level 3.7 Transmutations
 + Level 0.0 Poison Magic


You couldn't memorise any spells.
You knew the following spells:

 Your Spells              Type           Power      Damage    Failure   Level
a - Beastly Appendage     Tmut           20%        N/A       6%          1
b - Wereblood             Tmut           10%        N/A       9%          2
c - Spider Form           Tmut/Pois      5%         N/A       36%         3

Your spell library contained the following spells:

 Spells                   Type           Power      Damage    Failure   Level
 Blink                    Tloc           2%         N/A       38%         2
 Ozocubu's Armour         Ice            1%         N/A       63%         3
 Ice Form                 Ice/Tmut       5%         N/A       77%         4
 Manifold Assault         Tloc           1%         N/A       100%        5
 Metabolic Englaciation   Hex/Ice        0%         N/A       100%        5
 Simulacrum               Ice/Necr       0%         N/A       100%        6
 Storm Form               Tmut/Air       2%         N/A       100%        7


Dungeon Overview and Level Annotations

Branches:
Dungeon (2/15)

Altars:


Innate Abilities, Weirdness & Mutations

((You are very nimble when in or above water. (Stealth+, EV+, Speed+++)))
Your lower body shifts to a powerful aquatic tail in water.


Message History

Your blood is infused with primal strength.
The orc barely misses you.
You hit the orc.
The orc is moderately wounded.
The orc hits you with a +0 whip.
You hit the orc.
You feel a bit better.
You kill the orc!
The orc throws a boomerang.
The boomerang hits you.
You see here a +0 whip.
You hit the orc. Your punch misses the orc.
The orc is severely wounded.
Your transformation is almost over.
The orc barely misses you.
You hit the orc but do no damage.
The orc is severely wounded.
The orc barely misses you. The orc completely misses you.
The orc throws a boomerang.
The boomerang barely misses you.
You closely miss the orc. You headbutt the orc.
You feel a bit better.
You kill the orc!
You howl as the wereblood boils in your veins!
You hit the orc.
The orc is moderately wounded.
The orc closely misses you.
You hit the orc.
You feel a bit better.
You kill the orc!
The orc priest invokes the aid of Beogh against you.
Beogh smites you! The orc completely misses you.
Items here: ( ))) [ †.
You closely miss the orc. The orc priest hits you with a +0 club.
The orc closely misses you.
You barely miss the orc priest. Your headbutt misses the orc priest.
The orc priest hits you with a +0 club.
* * * LOW HITPOINT WARNING * * *
The orc hits you with a +0 whip.
* * * LOW HITPOINT WARNING * * *
You closely miss the orc. Your headbutt misses the orc.
Your horns disappear.
The orc priest hits you with a +0 club.
You die...

#....†... #........
#........
########....####
................
####....####....####
#...............#
#.#.......#.....####
#.#@8...8.#..(.....#
#.#oo.....#........#
#.#.......#........#
#.#.......#.#......#
#.#.8...8.#.#......#
#.#.......#.#......#
#.##.....##.########
#.###$⌠$###.#
#.#..#######..#


You could see an orc priest and an orc.

Vanquished Creatures
  A dart slug (D:1)
  3 orcs (D:2)
  6 endoplasms (D:1)
  2 giant cockroaches (D:1)
  5 hobgoblins
  3 kobolds
  A quokka (D:1)
  2 ball pythons
  2 bats (D:1)
  5 frilled lizards
  3 goblins
  3 rats (D:1)
36 creatures vanquished.

Notes
Turn   | Place    | Note
-------+----------+-------------------------------------------
     0 | D:1      | hashsling the Merfolk Transmuter began the quest for the
                  | Orb.
     0 | D:1      | Reached XP level 1. HP: 15/15 MP: 3/3
   155 | D:1      | Reached XP level 2. HP: 21/21 MP: 1/5
   232 | D:1      | Learned a level 2 spell: Wereblood
   337 | D:1      | Found a faded altar of an unknown god.
   543 | D:1      | Reached XP level 3. HP: 23/27 MP: 3/6
   934 | D:2      | Learned a level 3 spell: Spider Form
  1350 | D:2      | Slain by an orc priest

Illustrated notes

Levels and vault maps discovered:
D:1:      dpeg_arrival_lava_temple_mockup, layout_basic,
          hellmonk_ecumenical_altar_heavens_door, grunt_decor_fettered,
          minivault_26, minmay_small_reverse_x
D:2:      cheibrodos_pilgrimage, layout_basic,
          wander_ebering_terrifying_dragon_lair

Skill      XL: |  1  2 |
---------------+-------+-----
Transmutations | 3 |  3.7
Dodging        | 3 |  3.4
Fighting       | |  1.7
Unarmed Combat | |  3.5
Spellcasting   | |  2.1

Action                   || total
-------------------------++-------
Melee: Unarmed           ||   105
       Headbutt          ||    11
       Punch             ||     2
 Cast: Beastly Appendage ||    24
       Wereblood         ||     2
 Stab: Sleeping          ||     1
Armor: Robe              ||    22
Dodge: Dodged            ||    62

Table legend: (Time is in decaauts)
 A = Elapsed time spent in this place.
 B = Non-inter-level travel time spent in this place.
 C = Inter-level travel time spent in this place.
 D = Time resting spent in this place.
 E = Time spent auto-exploring this place.
 F = Levels seen in this place.
 G = Mean time per level.
                   A        B        C        D        E       F      G
               +--------+--------+--------+--------+--------+-----+--------+
         Total |   1343 |   1330 |     13 |      0 |   1050 |   2 |  671.5 |
       Dungeon |   1343 |   1330 |     13 |      0 |   1050 |   2 |  671.5 |
               +--------+--------+--------+--------+--------+-----+--------+

Top non-repeatable levels by time:
     D:1: 902 daAuts
     D:2: 440 daAuts
